 Dungeon Crawl Stone Soup version 0.20-a0-629-gc37eb77 (webtiles) character file.

5161 TuxedoFelix the Cleaver (level 10, -16/93 HPs)
             Began as a Minotaur Berserker on Feb 10, 2017.
             Was an Elder of Trog.
             Killed from afar by Fannar (30 damage)
             ... with a bolt of cold
             ... on level 10 of the Dungeon.
             The game lasted 00:56:12 (9159 turns).

TuxedoFelix the Cleaver (Minotaur Berserker)        Turns: 9159, Time: 00:56:13

Health: -16/93     AC: 15    Str: 25    XL:     10   Next: 33%
Magic:  18/18      EV:  9    Int:  4    God:    Trog [****..]
Gold:   279        SH:  0    Dex: 10    Spells: 9/9 levels left

rFire    . . .     SeeInvis .   a - +0 hand axe
rCold    . . .     Gourm    .   v - +1 chain mail of Idduunei {MR++ MP+9}
rNeg     . . .     Faith    .   (no shield)
rPois    .         Spirit   .   (helmet restricted)
rElec    .         Reflect  .   (no cloak)
rCorr    .         Harm     .   u - +0 pair of gloves
MR       +++..                  A - +0 pair of boots
Stlth    ..........             q - amulet of Nidonussat {+Rage MR+}
Regen    0.3/turn               (no ring)
                                (no ring)

@: exhausted, slowed, very slow
A: retaliatory headbutt, horns 2
a: Berserk, Trog's Hand, Brothers in Arms, Burn Spellbooks, Renounce Religion,
Evoke Berserk Rage


You were on level 10 of the Dungeon.
You worshipped Trog.
Trog was greatly pleased with you.
You were not hungry.

You visited 1 branch of the dungeon, and saw 10 of its levels.

You collected 513 gold pieces.
You spent 234 gold pieces at shops.

Inventory:

Hand Weapons
 a - a +0 hand axe (weapon)
 z - a +0 battleaxe
Missiles
 I - 6 silver javelins (quivered)
Armour
 u - a +0 pair of gloves (worn)
 v - the +1 chain mail of Idduunei (worn) {MR++ MP+9}
   (You found it on level 6 of the Dungeon)

   It affects your resistance to hostile enchantments.
   It affects your magic capacity (+9).
 A - a +0 pair of boots (worn)
 F - a cursed +0 plate armour
Jewellery
 q - the amulet of Nidonussat (around neck) {+Rage MR+}
   (You found it on level 7 of the Dungeon)

   [amulet of rage]

   It affects your resistance to hostile enchantments.
   It lets you go berserk.
 J - a +2 ring of intelligence {unknown}
Wands
 e - a wand of paralysis (13/24)
 o - a wand of flame (30/48)
 x - a wand of lightning (7/15)
 y - a wand of lightning (10/15)
 G - a wand of polymorph (13/24)
Scrolls
 d - 5 scrolls of remove curse
 g - 5 scrolls of teleportation
 i - 3 scrolls of enchant weapon
 j - a scroll of noise
 k - 2 scrolls of magic mapping
 m - a scroll of immolation {unknown}
 B - a scroll of fog
 C - a scroll of recharging {unknown}
Potions
 b - a potion of curing
 h - a potion of berserk rage
 l - 2 potions of haste
 p - 2 potions of ambrosia
 r - 3 potions of magic
 s - a potion of flight {unknown}
 w - a potion of invisibility {unknown}
 E - a potion of agility {unknown}
 H - 2 potions of mutation
Books
 t - a book of Flames

   Spells                             Type                      Level
   a - Flame Tongue                   Conjuration/Fire             1
   b - Throw Flame                    Conjuration/Fire             2
   c - Conjure Flame                  Conjuration/Fire             3
   d - Inner Flame                    Hexes/Fire                   3
   e - Sticky Flame                   Conjuration/Fire             4
   f - Fireball                       Conjuration/Fire             5
   Trog disapproves of the use of such an item.
Comestibles
 c - 6 meat rations
 n - 2 bread rations


   Skills:
 + Level 9.8 Fighting
 * Level 13.0 Axes
 + Level 9.5 Armour
 - Level 2.1 Dodging


You had 9 spell levels left.
You didn't know any spells.

Dungeon Overview and Level Annotations

Branches:
Dungeon (10/15)            Temple (0/1) D:4             Orc (0/2) D:9
   Lair: D:8-11

Altars:
Dithmenos
Hepliaklqana
Okawaru
Ru
The Shining One

Shops:
D:8 *

Annotations:
D:8 Joseph, Psyche
D:9 exclusions: obsidian statue and orange crystal statue
D:10 Fannar


Innate Abilities, Weirdness & Mutations

You reflexively headbutt those who attack you in melee.
You have a pair of horns on your head.


Message History

Snorg claws you but does no damage. Fannar hits you but does no damage.
You slash Snorg!
You kill Snorg!
Trog accepts your kill.
The troll leather armour {Snorg} is intact enough to wear.
Your life force feels restored.
Your Axes skill increases to level 13!
You hit Fannar but do no damage. Fannar hits you but does no damage.
Things that are here:
a +2 troll leather armour {Snorg}; the troll corpse of Snorg You feel a strong urge to attack something.
You are no longer berserk.
You are exhausted.
You feel yourself slow down. Fannar barely misses you. You furiously retaliate!
You headbutt Fannar!
Fannar says, "I shall freeze you to your soul!"
Fannar casts a spell at you. The bolt of cold hits you!
You die...

#.#.....#.# .
#.###.#.#.#
##.##.#..#
##.#.#.# ####
##....##.....
##.[....#
###e##...#
#.# ## #@#
#.# #.# #.#
#.. ###


You could see Fannar.

Vanquished Creatures
  Snorg (D:10)
  Pikel (D:5)
  A troll (D:9)
  Grinder (D:4)
  5 yaks (D:8)
  Edmund (D:4)
  A warg (D:9)
  2 slaves (D:5)
  A sky beast (D:9)
  4 orc warriors
  2 ice beasts
  A phantom (D:5)
  2 ogres
  3 bullfrogs
  A water moccasin skeleton (D:4)
  5 killer bees (D:9)
  2 crimson imps
  A bullfrog zombie (D:9)
  4 hounds
  5 orc priests
  Crazy Yiuf (D:4)
  A bullfrog skeleton (D:5)
  Terence (D:3)
  An iguana (D:4)
  Ijyb (D:2)
  8 orc wizards
  7 worker ants
  Robin (D:3)
  6 adders
  4 gnolls
  5 shadow imps
  An adder zombie (D:6)
  An adder skeleton (D:6)
  5 worms
  4 dart slugs
  6 leopard geckos
  30 orcs
  14 bats
  4 giant cockroaches
  18 goblins
  13 hobgoblins
  9 jackals
  4 quokkas
  2 ball pythons
  2 frilled lizards
  7 kobolds
  A leopard gecko skeleton (D:4)
  11 rats
212 creatures vanquished.

Notes
Turn   | Place    | Note
-------+----------+-------------------------------------------
     0 | D:1      | TuxedoFelix the Minotaur Berserker began the quest for the Orb.
     0 | D:1      | Reached XP level 1. HP: 19/19 MP: 0/0
    28 | D:1      | You fall through a shaft!
   168 | D:2      | Reached XP level 2. HP: 25/27 MP: 1/1
   173 | D:2      | Reached skill level 4 in Axes
   304 | D:2      | Noticed Ijyb
   318 | D:2      | Killed Ijyb
   318 | D:2      | Reached XP level 3. HP: 33/33 MP: 2/2
   442 | D:2      | Reached ** piety under Trog
   493 | D:2      | Reached XP level 4. HP: 19/41 MP: 3/3
  1380 | D:1      | Reached skill level 5 in Axes
  2077 | D:3      | Noticed Robin
  2090 | D:3      | Killed Robin
  2093 | D:3      | Reached XP level 5. HP: 47/47 MP: 4/4
  2102 | D:3      | Reached *** piety under Trog
  2212 | D:3      | Noticed Terence
  2220 | D:3      | Killed Terence
  2816 | D:3      | Reached skill level 5 in Fighting
  2949 | D:3      | Reached skill level 6 in Axes
  3608 | D:4      | Reached XP level 6. HP: 51/56 MP: 5/5
  3667 | D:4      | Noticed Grinder
  3696 | D:4      | Paralysed by Grinder for 5 turns
  3707 | D:4      | Killed Grinder
  3707 | D:4      | Reached skill level 7 in Axes
  3707 | D:4      | Reached XP level 7. HP: 54/62 MP: 6/6
  3829 | D:4      | Reached skill level 5 in Armour
  3954 | D:4      | Noticed Edmund
  3965 | D:4      | Killed Edmund
  4143 | D:4      | Found a shadowy altar of Dithmenos.
  4241 | D:4      | Reached skill level 8 in Axes
  4275 | D:4      | Found a staircase to the Ecumenical Temple.
  4374 | D:4      | Found a runed door.
  4378 | D:4      | Noticed Crazy Yiuf
  4386 | D:4      | Killed Crazy Yiuf
  4685 | D:5      | Entered Level 5 of the Dungeon
  4703 | D:5      | Reached XP level 8. HP: 71/71 MP: 7/7
  4784 | D:5      | Noticed Pikel
  4796 | D:5      | Killed Pikel
  4796 | D:5      | Reached skill level 9 in Axes
  4811 | D:5      | Found a glowing golden altar of the Shining One.
  5029 | D:5      | Reached skill level 10 in Axes
  5327 | D:6      | Got a steaming chain mail
  5370 | D:6      | Identified the +1 chain mail of Idduunei {MR++ MP+9} (You found it on level 6 of the Dungeon)
  5574 | D:6      | Found a hazy altar of Hepliaklqana.
  5797 | D:7      | Found an iron altar of Okawaru.
  5801 | D:7      | Found a sacrificial altar of Ru.
  5850 | D:7      | Got a flickering diamond amulet
  6020 | D:7      | Reached **** piety under Trog
  6223 | D:7      | Reached XP level 9. HP: 81/81 MP: 8/8
  6542 | D:8      | Found Cirris Yzak's General Store.
  6575 | D:8      | Reached skill level 11 in Axes
  6590 | D:8      | Noticed Psyche
  6892 | D:8      | Identified the amulet of Nidonussat {+Rage MR+} (You found it on level 7 of the Dungeon)
  6978 | D:8      | Bought a +0 pair of boots for 54 gold pieces
  6978 | D:8      | Bought a scroll of fog for 24 gold pieces
  6978 | D:8      | Bought a potion of haste for 120 gold pieces
  6978 | D:8      | Bought a scroll of teleportation for 36 gold pieces
  7190 | D:8      | Noticed Joseph
  7401 | D:9      | Found a staircase to the Orcish Mines.
  7426 | D:9      | Reached skill level 12 in Axes
  7510 | D:9      | Noticed a troll
  7523 | D:9      | Killed a troll
  7835 | D:9      | Reached XP level 10. HP: 89/91 MP: 9/9
  7847 | D:9      | Noticed an obsidian statue
  7995 | D:9      | Noticed an orange crystal statue
  8345 | D:9      | Received a gift from Trog
  8656 | D:9      | Noticed a soul eater
  8658 | D:9      | Noticed a sun demon
  8658 | D:9      | Noticed a soul eater
  9117 | D:10     | Entered Level 10 of the Dungeon
  9137 | D:10     | Noticed Fannar
  9139 | D:10     | Noticed Snorg
  9154 | D:10     | Killed Snorg
  9154 | D:10     | Reached skill level 13 in Axes
  9159 | D:10     | Killed from afar by Fannar

Vault maps used:
D:1:      dpeg_arrival_erosion
D:2:      minmay_close_crescents, uniq_iyjb
D:3:      uniq_terence, uniq_robin
D:4:      temple_green, first_bread, grunt_dithmenos_smoke_and_mirrors,
          uniq_grinder, uniq_crazy_yiuf_cottage, uniq_edmund
D:5:      tso_metal_star, lemuel_another_geyser, uniq_pikel
D:6:      nicolae_overflow_crystal_walls
D:7:      minitemple
D:8:      serial_shops, shop, basic_altar, uniq_erica, uniq_joseph, uniq_psyche
D:9:      minmay_separated_statues, david_orc_1_choice
D:10:     special_room, basic_altar, uniq_fannar, uniq_snorg

Skill      XL: |  1  2  3  4  5  6  7  8  9 10 |
---------------+-------------------------------+-----
Axes           | 4 5 6 7 8 10 12 13 | 13.0
Armour         | 3 4 5 7 9 |  9.5
Fighting       | 4 5 6 7 9 |  9.8
Dodging        | |  2.1

Action                   |  1- 3 |  4- 6 |  7- 9 | 10-12 || total
-------------------------+-------+-------+-------+-------++-------
Melee: Hand axe          |    63 |   172 |   357 |    68 ||   660
       Headbutt          |     4 |    31 |    90 |    13 ||   138
Invok: Berserk           |     3 |     3 |     9 |     2 ||    17
       Trog's Hand       |       |     2 |     9 |       ||    11
  Use: Scroll            |       |     9 |    12 |     3 ||    24
       Potion            |       |       |     4 |     1 ||     5
  Eat: Chunk             |     1 |     6 |    11 |       ||    18
       Bread ration      |       |     1 |     2 |     1 ||     4
       Fruit             |       |     1 |     1 |       ||     2
       Meat ration       |       |     1 |       |     1 ||     2
       Royal jelly       |       |       |     1 |       ||     1
Armor: Animal skin       |    12 |     5 |       |       ||    17
       Ring mail         |       |     6 |       |       ||     6
       Chain mail        |       |    25 |    94 |    32 ||   151
       Scale mail        |       |     8 |    39 |       ||    47
Dodge: Dodged            |    48 |    95 |   119 |    35 ||   297
